 Dungeon Crawl Stone Soup version 0.29.1-1-gd02db6906a (webtiles) character file.

Game seed: 9714646096224578108

199 QueenGhuleh the Chopper (level 5, -2/75 HPs)
             Began as a Naga Berserker on Sept 21, 2022.
             Was a Believer of Trog.
             Slain by a scorpion (7 damage)
             ... on level 4 of the Dungeon on Sept 26, 2022.
             The game lasted 00:09:10 (3929 turns).

QueenGhuleh the Chopper (Naga Berserker)            Turns: 3929, Time: 00:09:10

Health: -2/75      AC:  5    Str: 21    XL:     5   Next: 77%
Magic:  5/5        EV:  8    Int:  8    God:    Trog [**....]
Gold:   205        SH:  0    Dex: 10    Spells: 4/4 levels left

rFire   . . .      SeeInvis +   a - +0 hand axe
rCold   . . .      Faith    .   (no shield)
rNeg    . . .      Spirit   .   n - +0 scale mail
rPois   +          Reflect  .   (no helmet)
rElec   .          Harm     .   (no cloak)
rCorr   .          Rampage  .   (no gloves)
Will    .....                   (no barding)
Stlth   ..........              (no amulet)
HPRegen 0.22/turn               (no ring)
MPRegen 0.09/turn               (no ring)

@: berserking (expiring), quick
A: AC +1, large, see invisible, deformed body, poison resistance, slowness 2,
spit poison 1, naga tail 1
a: Spit Poison, Renounce Religion, Berserk, Trog's Hand


You were on level 4 of the Dungeon.
You worshipped Trog.
Trog was pleased with you.
You visited 1 branch of the dungeon, and saw 4 of its levels.

You collected 205 gold pieces.

Inventory:

Hand Weapons
 a - a +0 hand axe (weapon)
Missiles
 m - a throwing net
Armour
 n - a +0 scale mail (worn)
Scrolls
 e - a scroll of blinking {unknown}
 g - a scroll of enchant armour {unknown}
 h - 5 scrolls of teleportation {unknown}
 j - 3 scrolls of identify {unknown}
 k - 2 scrolls of poison {unknown}
Potions
 b - a potion of resistance {unknown}
 c - 2 potions of mutation {unknown}
 d - 2 potions of invisibility {unknown}
 f - 2 potions of degeneration {unknown}
 i - a potion of attraction {unknown}
 l - a potion of heal wounds {unknown}
 o - 2 potions of might {unknown}


   Skills:
 + Level 3.9 Fighting
 + Level 4.5 Axes
 + Level 2.7 Armour
 + Level 2.1 Dodging
 + Level 0.4 Stealth


You had 4 spell levels left.
You didn't know any spells.
Your spell library was empty.

Dungeon Overview and Level Annotations

Branches:
Dungeon (4/15)
 Temple: D:4-7

Altars:
Trog


Innate Abilities, Weirdness & Mutations

Your serpentine skin is tough. (AC +1)
You have supernaturally acute eyesight. (SInv)
Armour fits poorly on your strangely shaped body.
Your system is resistant to poisons. (rPois)
You cover ground very slowly.
You can spit poison.
You have a snake-like lower body.


Message History

You feel yourself moving faster!
You feel mighty!
You feel sick. The phantom barely misses you.
You completely miss the phantom.
The phantom is lightly damaged.
You feel sick.
The phantom hits you but does no damage.
You slash the phantom!
The phantom is heavily damaged.
You hit the black bear but do no damage.
You feel sick.
The black bear bites you but does no damage.
The black bear claws you but does no damage.
The black bear closely misses you.
The phantom hits you but does no damage.
You slash the phantom!
The phantom is severely damaged.
You slash the black bear!
You feel sick.
You are no longer poisoned.
You closely miss the phantom.
The phantom is severely damaged.
You slash the black bear! The phantom hits you.
* * * LOW HITPOINT WARNING * * *
The phantom blinks!
You blink.
Found a ring mail and 16 gold pieces.
You barely miss the endoplasm. You slash the phantom!
You destroy the phantom!
Trog accepts your kill.
The endoplasm hits you but does no damage.
You hit the endoplasm.
You kill the endoplasm!
Trog accepts your kill.
The black bear bites you but does no damage.
The black bear completely misses you.
The black bear claws you but does no damage.
You feel a strong urge to attack something.
The scorpion closely misses you.
You slash the black bear!
You kill the black bear!
Trog accepts your kill.
You barely miss the scorpion. The scorpion stings you!
You die...

.. ....## ... ##.....
....... ....### #....#
......... .......##.#..#
##........# .......).....#
#..........
......s......###..........
.........<.>..##........[$
.?..####..#.#.##..........
#.. #..#.....@.!....... #
#.####..s†........# #.#
##.#.#......# ...
..########### ... #..#.
... #..#.# #. #.. #. #..#
#(#.


You could see a scorpion.

Vanquished Creatures
  A black bear (D:4)
  A phantom (D:4)
  An iguana (D:3)
  3 adders
  A worm (D:2)
  3 dart slugs
  7 endoplasms
  4 giant cockroaches (D:1)
  9 hobgoblins
  A jackal (D:3)
  5 kobolds
  8 ball pythons
  3 bats
  5 frilled lizards
  8 goblins
  3 rats
63 creatures vanquished.

Notes
Turn   | Place    | Note
-------+----------+-------------------------------------------
     0 | D:1      | QueenGhuleh the Naga Berserker began the quest for the Orb.
     0 | D:1      | Reached XP level 1. HP: 21/21 MP: 1/1
   361 | D:1      | Reached XP level 2. HP: 11/28 MP: 2/2
   395 | D:1      | HP: 1/28 [bat (1)]
  1311 | D:1      | Reached XP level 3. HP: 27/34 MP: 3/3
  2407 | D:2      | Found a faded altar of an unknown god.
  2684 | D:2      | Reached XP level 4. HP: 39/42 MP: 4/4
  2919 | D:3      | Reached ** piety under Trog
  3171 | D:3      | Found a bloodstained altar of Trog.
  3253 | D:3      | Reached skill level 4 in Axes
  3606 | D:3      | Reached XP level 5. HP: 44/50 MP: 5/5
  3910 | D:4      | Noticed a phantom
  3915 | D:4      | Noticed a black bear
  3925 | D:4      | Killed a phantom
  3929 | D:4      | Killed a black bear
  3929 | D:4      | Slain by a scorpion

Illustrated notes

Levels and vault maps discovered:
D:1:      mrwooster_arrival_statue_2, layout_loops_ring,
          corexii_leaking_fountain
D:2:      layout_loops_cross, nicolae_ecumenical_snake_handling
D:3:      layout_loops_ring, mainiacjoe_overflow_alcove_1, minmay_quadrilaterals
D:4:      layout_rooms, kennysheep_little_box, lemuel_coloured_pillars_altar,
          minmay_temple_entry_butterflies, gammafunk_ghost_smash

Skill      XL: |  1  2  3  4 |
---------------+-------------+-----
Armour         | 2 |  2.7
Dodging        | 2 |  2.1
Axes           | 4 |  4.5
Fighting       | |  3.9
Stealth        | |  0.4

Action                   |  1- 3 |  4- 6 || total
-------------------------+-------+-------++-------
Melee: Hand axe          |   156 |   100 ||   256
       Punch             |     2 |       ||     2
Invok: Berserk           |     2 |     2 ||     4
Armor: Animal skin       |    28 |       ||    28
       Ring mail         |    22 |       ||    22
       Scale mail        |       |    40 ||    40
Dodge: Dodged            |   109 |    54 ||   163
